Map: Daybreak LE (Void)

Players

Golstein - Winner!

  • Race: Protoss Protoss
  • League: Diamond
  • Spawn Location: 7:00

Emil

  • Race: Zerg Zerg
  • League: Diamond
  • Spawn Location: 1:00

VOD

Have the link to the VOD?

Description

Time

  • Played on: Nov. 27, 2016, 6:50 p.m.
  • Length: 27:02
Show
View Real Time Build Order
Export as new Build Order

Golstein Protoss - Winner!

Build Orders: Cannon Rush 

Get SALT Encoding   

  12  0:01  Probe (Chrono Boost)  
  13  0:11  Probe (Chrono Boost)  
  14  0:19  Pylon  
  14  0:22  Probe (Chrono Boost)  
  15  0:38  Probe (Chrono Boost)  
  15  0:42  Forge  
  16  0:48  Probe (Chrono Boost)  
  17  0:59  Probe (Chrono Boost)  
  18  1:06  Pylon  
  18  1:09  Probe (Chrono Boost)  
  19  1:20  Probe (Chrono Boost)  
  20  1:27  Gateway  
  20  1:29  Pylon, Photon Cannon  
  20  1:39  Photon Cannon  
  19  1:49  Pylon  
  19  1:52  Photon Cannon  
  19  1:55  Probe (Chrono Boost)  
  20  2:05  Probe (Chrono Boost)  
  21  2:22  Cybernetics Core  
  21  2:28  Nexus  
  21  2:32  Probe (Chrono Boost)  
  22  2:39  Assimilator  
  22  2:42  Probe (Chrono Boost), Assimilator  
  23  2:48  Pylon  
  23  2:54  Probe (Chrono Boost)  
  24  3:05  Probe (Chrono Boost), Warp Gate  
  25  3:17  Adept  
  27  3:20  Assimilator  
  27  3:21  Assimilator  
  27  3:24  Probe (Chrono Boost)  
  29  3:36  Probe (Chrono Boost)  
  29  3:40  Probe (Chrono Boost)  
  32  3:49  Mothership Core (Chrono Boost)  
  32  3:51  Probe (Chrono Boost)  
  33  4:02  Probe (Chrono Boost)  
  34  4:03  Stargate  
  34  4:09  Probe (Chrono Boost), Pylon  
  35  4:12  Probe (Chrono Boost)  
  36  4:21  Probe (Chrono Boost), Stargate  
  36  4:23  Probe (Chrono Boost), Pylon  
  38  4:30  Stalker  
  40  4:33  Probe x2 (Chrono Boost)  
  42  4:45  Void Ray  
  42  4:46  Probe (Chrono Boost)  
  42  4:47  Probe (Chrono Boost)  
  33  5:17  Probe x2 (Chrono Boost)  
  35  5:22  Void Ray  
  41  5:29  Probe x2 (Chrono Boost)  
  41  5:39  Void Ray  
  41  5:41  Probe x2 (Chrono Boost)  
  47  5:53  Probe x2 (Chrono Boost)  
  51  6:05  Probe (Chrono Boost)  
  51  6:06  Probe (Chrono Boost)  
  51  6:13  Void Ray  
  51  6:17  Probe (Chrono Boost)  
  56  6:26  Void Ray  
  56  6:28  Probe (Chrono Boost)  
  56  6:29  Probe (Chrono Boost)  
  62  6:37  Protoss Air Weapons Level 1  
  63  6:40  Probe (Chrono Boost)  
  63  6:41  Probe (Chrono Boost)  
  63  6:46  Pylon  
  64  6:52  Probe (Chrono Boost)  
  64  6:54  Probe (Chrono Boost)  
  66  7:04  Probe (Chrono Boost)  
  66  7:06  Probe (Chrono Boost)  
  69  7:16  Probe (Chrono Boost)  
  69  7:33  Void Ray x2  
  65  7:42  Probe x2 (Chrono Boost)  
  75  7:54  Probe x2 (Chrono Boost)  
  77  8:00  Nexus  
  77  8:02  Pylon x2  
  76  8:06  Probe (Chrono Boost)  
  67  8:33  Gateway  
  67  8:35  Gateway  
  67  8:38  Gateway  
  67  8:39  Gateway  
  67  8:41  Mothership Core (Chrono Boost), Fleet Beacon  
  61  8:47  Stalker  
  63  8:52  Pylon  
  63  8:55  Gateway  
  63  8:56  Gateway  
  63  9:00  Robotics Facility  
  63  9:01  Twilight Council  
  63  9:02  Pylon  
  63  9:06  Pylon  
  63  9:10  Protoss Air Armor Level 1, Stalker  
  63  9:12  Pylon  
  63  9:14  Pylon, Forge  
  65  9:18  Protoss Shields Level 1  
  65  9:24  Carrier  
  65  9:25  Pylon  
  65  9:27  Pylon  
  65  9:32  Graviton Catapult  
  71  9:41  Probe (Chrono Boost)  
  71  9:42  Probe (Chrono Boost)  
  71  9:43  Probe (Chrono Boost)  
  71  9:44  Carrier  
  74  9:49  Protoss Ground Weapons Level 1  
  74  9:51  Observer  
  81  10:05  Probe x3 (Chrono Boost)  
  84  10:10  Adept x2  
  84  10:13  Observer  
  89  10:16  Resonating Glaives  
  89  10:17  Probe x3 (Chrono Boost)  
  89  10:19  Adept x2  
  99  10:29  Probe x2 (Chrono Boost)  
  99  10:30  Probe (Chrono Boost)  
  99  10:35  Photon Cannon  
  99  10:41  Probe (Chrono Boost), Assimilator  
  99  10:42  Probe x2 (Chrono Boost)  
  102  10:45  Assimilator, Carrier  
  102  10:53  Probe (Chrono Boost)  
  102  10:54  Probe (Chrono Boost), Stargate  
  109  11:12  Carrier  
  109  11:19  Photon Cannon  
  109  11:21  Photon Cannon  
  115  11:31  Photon Cannon  
  115  11:32  Photon Cannon  
  115  11:33  Protoss Air Weapons Level 2  
  115  11:35  Photon Cannon  
  115  11:47  Carrier  
  115  11:52  Nexus  
  121  11:55  Pylon  
  121  11:58  Adept x2  
  121  11:59  Adept  
  127  12:04  Adept  
  127  12:05  Adept  
  131  12:11  Carrier  
  131  12:12  Adept x2  
  141  12:30  Photon Cannon x2  
  141  12:32  Pylon  
  141  12:34  Probe x3 (Chrono Boost)  
  144  12:42  Templar Archives  
  144  12:54  Probe x3 (Chrono Boost), Carrier  
  147  12:59  Charge  
  147  13:02  Assimilator  
  147  13:03  Photon Cannon  
  147  13:05  Assimilator  
  147  13:10  Pylon  
  153  13:18  Carrier  
  159  13:22  High Templar x2  
  159  13:26  Archon  
  162  13:35  Zealot  
  162  13:37  Adept  
  162  13:38  Adept x2  
  162  13:39  Adept  
  130  14:20  Protoss Air Weapons Level 3  
  122  14:25  High Templar x3  
  122  14:26  High Templar x3  
  134  14:34  Archon x3  
  134  14:42  Nexus  
  134  14:43  Pylon  
  134  14:44  Pylon  
  134  14:45  Adept  
  129  15:03  Pylon  
  129  15:06  Protoss Shields Level 2  
  129  15:08  Protoss Ground Weapons Level 2  
  129  15:10  Zealot x7  
  143  15:15  Photon Cannon  
  143  15:16  Photon Cannon  
  143  15:18  Photon Cannon  
  145  15:22  Probe (Chrono Boost)  
  145  15:23  Probe (Chrono Boost)  
  145  15:32  High Templar x2  
  149  15:38  Archon  
  149  15:45  Carrier  
  149  15:49  Carrier  
  161  16:08  Probe x2 (Chrono Boost)  
  161  16:09  Probe (Chrono Boost)  
  165  16:12  Probe (Chrono Boost)  
  165  16:18  Assimilator  
  165  16:22  Assimilator  
  165  16:27  Observer  
  166  16:37  Carrier  
  172  16:45  Adept x2  
  170  17:22  Carrier x2  
  165  17:32  Observer  
  178  17:44  Photon Cannon  
  178  17:46  Photon Cannon  
  178  18:05  Pylon  
  179  18:06  Probe (Chrono Boost), Pylon, Photon Cannon  
  179  18:07  Probe x3 (Chrono Boost)  
  182  18:15  High Templar x2  
  182  18:17  Psionic Storm  
  182  18:19  Probe x2 (Chrono Boost)  
  188  18:38  Protoss Air Armor Level 2  
  188  18:39  Nexus, Assimilator  
  188  18:44  Assimilator  
  188  18:48  Pylon  
  188  18:49  Pylon  
  184  19:12  Photon Cannon  
  184  19:14  Probe (Chrono Boost), Photon Cannon  
  184  19:15  Probe (Chrono Boost)  
  184  19:16  Probe (Chrono Boost)  
  187  19:26  Pylon  
  187  19:39  Robotics Bay  
  187  19:42  Robotics Facility  
  187  19:44  Gateway  
  187  19:45  Gateway  
  178  20:01  Photon Cannon  
  178  20:11  Carrier  
  184  20:25  High Templar x2  
  194  20:34  Probe (Chrono Boost)  
  195  20:39  Observer Gravitic Boosters  
  195  20:45  Probe (Chrono Boost)  
  195  20:47  Stargate  
  179  20:54  Probe (Chrono Boost)  
  179  20:55  Probe x4 (Chrono Boost)  
  182  21:04  Adept x2  
  182  21:05  Adept  
  182  21:07  Probe x2 (Chrono Boost)  
  189  21:19  Gateway  
  189  21:25  Protoss Air Armor Level 3  
  189  21:35  Probe (Chrono Boost)  
  190  21:46  Probe (Chrono Boost)  
  190  21:56  Probe (Chrono Boost)  
  191  22:06  Probe x2 (Chrono Boost)  
  191  22:07  Probe x2 (Chrono Boost)  
  195  22:17  Probe (Chrono Boost)  
  195  22:37  Probe x2 (Chrono Boost)  
  200  22:38  Probe x3 (Chrono Boost)  
  167  23:22  High Templar x10  
  187  23:27  Archon x3  
  187  23:28  Archon  
  187  23:41  Nexus  
  187  23:44  Pylon x2  
  171  24:26  Photon Cannon  
  171  24:27  Photon Cannon  
  171  24:28  Photon Cannon  
  171  24:30  Photon Cannon  
  171  24:31  Photon Cannon, Fleet Beacon  
  165  24:42  Probe (Chrono Boost)  
  166  24:53  Cybernetics Core  
  148  25:03  Pylon, High Templar x4  
  148  25:04  High Templar x2  
  160  25:09  Cybernetics Core  
  160  25:16  Archon x5  
  160  25:17  Archon  
  160  25:20  Zealot  
  160  25:21  Zealot  
  164  25:49  Gateway  
  164  25:50  Gateway  
  164  25:52  Gateway  
  164  25:53  Pylon, Assimilator  
  164  25:57  Assimilator  
  164  26:01  Pylon  
Show
View Real Time Build Order
Export as new Build Order

Emil Zerg 

Build Orders: Pool First 

Get SALT Encoding   

  12  0:03  Drone  
  13  0:24  Spawning Pool  
  13  0:27  Drone  
  13  0:29  Drone  
  14  0:38  Overlord  
  14  1:10  Zergling x6  
  17  1:23  Hatchery, Zergling x2  
  17  1:31  Extractor  
  16  1:46  Drone  
  17  1:51  Drone  
  17  1:53  Queen  
  20  2:11  Drone x2  
  22  2:23  Overlord  
  22  2:30  Overlord  
  22  2:42  Hatchery  
  22  2:43  Drone  
  22  2:49  Drone x2  
  24  3:01  Metabolic Boost  
  24  3:03  Drone  
  25  3:05  Drone  
  25  3:09  Drone  
  27  3:20  Baneling Nest  
  27  3:22  Drone  
  27  3:23  Drone  
  27  3:26  Drone  
  29  3:34  Evolution Chamber  
  28  3:50  Zergling x4  
  28  3:51  Zergling x2  
  28  3:52  Drone  
  28  3:53  Drone x3  
  35  4:00  Queen  
  37  4:15  Baneling x2  
  37  4:16  Baneling  
  37  4:33  Drone x11  
  48  4:43  Drone  
  48  4:44  Drone  
  48  4:45  Overlord  
  50  4:48  Extractor  
  50  4:49  Spore Crawler  
  47  4:59  Drone  
  47  5:10  Drone  
  47  5:11  Drone x7  
  52  5:18  Extractor  
  52  5:20  Lair, Extractor  
  49  5:27  Drone  
  49  5:28  Drone x4  
  54  5:32  Extractor  
  54  5:33  Extractor  
  52  5:39  Queen  
  52  5:40  Queen  
  56  5:50  Overlord x3  
  56  5:53  Drone  
  57  6:00  Zerg Missile Weapons Level 1  
  57  6:03  Overlord  
  57  6:15  Pneumatized Carapace  
  57  6:33  Drone x3  
  57  6:34  Drone x14  
  74  6:47  Hydralisk Den  
  73  6:55  Queen  
  73  6:59  Queen  
  77  7:15  Spore Crawler x2  
  71  7:30  Queen  
  70  7:37  Hydralisk x7  
  70  7:38  Hydralisk  
  76  7:47  Zergling x10  
  82  7:52  Lair  
  82  7:53  Hydralisk  
  81  8:06  Queen  
  73  8:25  Hatchery  
  72  8:29  Drone x6  
  70  8:42  Queen  
  70  8:43  Hatchery  
  70  8:48  Zergling x4  
  67  8:53  Queen  
  70  8:56  Muscular Augments  
  70  9:07  Spore Crawler  
  69  9:17  Queen  
  69  9:20  Baneling Nest  
  69  9:21  Spore Crawler  
  69  9:22  Spore Crawler, Hydralisk  
  69  9:23  Hydralisk x5  
  80  9:29  Queen  
  82  9:38  Hydralisk x3  
  82  9:40  Zerg Missile Weapons Level 2  
  88  9:47  Overlord x2  
  88  9:56  Infestation Pit  
  88  9:57  Drone x6  
  93  10:13  Drone x4  
  93  10:14  Drone x3  
  100  10:18  Queen  
  102  10:22  Drone  
  102  10:23  Drone x6  
  102  10:25  Baneling x3  
  109  10:32  Evolution Chamber, Drone  
  109  10:33  Drone x3  
  109  10:34  Extractor  
  111  10:35  Extractor  
  111  10:38  Spore Crawler  
  109  10:48  Hydralisk  
  111  10:50  Overlord  
  111  10:51  Overlord x4  
  108  11:13  Hive  
  108  11:14  Hydralisk  
  108  11:15  Hydralisk x13  
  136  11:34  Zerg Ground Armor Level 1  
  136  11:36  Hydralisk  
  136  11:37  Hydralisk x2  
  142  11:40  Overlord x5  
  142  11:48  Grooved Spines  
  142  11:55  Overlord x3  
  142  12:04  Pathogen Glands  
  142  12:14  Centrifical Hooks  
  142  12:16  Hydralisk x4  
  142  12:17  Hydralisk x14  
  178  12:25  Zergling x2  
  178  12:26  Zergling x12  
  185  12:37  Zergling x2  
  185  12:38  Zergling x12  
  185  12:43  Zerg Melee Weapons Level 1  
  192  12:48  Hatchery  
  191  12:52  Baneling x7  
  191  12:53  Baneling x7  
  191  12:54  Zergling x2  
  191  12:55  Zergling x4  
  194  13:23  Spire x2  
  194  13:25  Lurker Den  
  192  13:28  Zerg Missile Weapons Level 3  
  192  13:45  Baneling x6  
  179  14:06  Zergling x8  
  179  14:07  Zergling x38  
  146  14:17  Hydralisk  
  146  14:18  Hydralisk x8  
  122  14:28  Hydralisk x6  
  122  14:29  Hydralisk  
  134  14:43  Hydralisk x5  
  131  14:52  Hydralisk  
  131  14:53  Hydralisk x2  
  127  15:10  Lurker  
  127  15:11  Lurker x4  
  132  15:22  Hydralisk  
  132  15:23  Hydralisk x3  
  132  15:24  Hydralisk  
  132  15:27  Spore Crawler  
  141  15:29  Spore Crawler x2  
  139  15:45  Hydralisk  
  139  15:46  Hydralisk x5  
  151  15:56  Zergling x2  
  154  15:57  Zergling x10  
  154  16:01  Viper  
  160  16:08  Zergling x8  
  164  16:33  Lurker x3  
  164  16:34  Lurker  
  164  16:35  Drone x6  
  164  16:36  Drone x3  
  176  16:42  Zerg Melee Weapons Level 2  
  167  16:55  Zergling x20  
  167  16:56  Zergling x2  
  175  17:17  Baneling  
  175  17:18  Baneling x13  
  174  17:38  Viper x3  
  180  18:06  Hydralisk x8  
  196  18:20  Hatchery  
  192  19:02  Spore Crawler  
  192  19:03  Spore Crawler x3  
  192  19:06  Spore Crawler  
  187  19:17  Hydralisk  
  187  19:18  Hydralisk x5  
  187  19:20  Zerg Melee Weapons Level 3  
  199  19:29  Hatchery  
  198  19:35  Lurker x2  
  200  19:40  Extractor x2  
  195  20:13  Zergling x8  
  199  20:16  Spore Crawler x3  
  199  20:18  Spore Crawler  
  195  20:25  Spore Crawler x2  
  195  20:26  Spore Crawler  
  192  20:29  Spore Crawler  
  191  20:40  Baneling x4  
  191  20:41  Baneling x4  
  187  20:58  Lurker  
  187  20:59  Lurker x2  
  190  21:10  Spore Crawler x2  
  184  21:38  Zerg Flyer Weapons Level 1  
  184  21:39  Greater Spire  
  184  21:59  Zergling x16, Spore Crawler  
  184  22:00  Zergling x18  
  184  22:01  Spore Crawler x2  
  199  22:03  Spore Crawler x2  
  199  22:04  Spore Crawler  
  199  22:06  Spore Crawler  
  199  22:07  Spore Crawler  
  191  22:29  Baneling x9  
  187  22:30  Baneling x25  
  187  22:32  Hydralisk  
  187  22:33  Hydralisk x5  
  199  22:39  Zerg Ground Armor Level 2  
  199  22:55  Spore Crawler  
  199  22:56  Spore Crawler x2  
  196  23:08  Hatchery  
  191  23:16  Swarm Host x7  
  196  23:29  Swarm Host  
  193  23:45  Spore Crawler  
  193  23:47  Spore Crawler  
  191  23:49  Spore Crawler x2  
  191  23:51  Spore Crawler x2  
  123  24:43  Zergling x18  
  123  24:44  Zergling x20  
  131  25:20  Swarm Host  
  131  25:21  Swarm Host x5  
  148  25:41  Viper x2  
Tags
 
Add a new tag
Caveats
  • Supply blocks, unpowered buildings, or Contaminate may cause inaccurate times.
  • Supply counts are checked every 10 seconds.